 Dungeon Crawl Stone Soup version 0.26.0-18-gc5c842f807 (webtiles) character file.

Game seed: 9408039903882658785

220084 zcampers the Warrior (level 18, -21/180 HPs)
             Began as a Minotaur Berserker on Jan 22, 2021.
             Was a High Priest of Trog.
             Demolished by a faun
             ... wielding a +4 spear
              (30 damage)
             ... on level 4 of the Shoals on Jan 23, 2021.
             The game lasted 01:26:44 (38020 turns).

zcampers the Warrior (Minotaur Berserker)          Turns: 38020, Time: 01:26:44

Health: -21/180    AC: 15    Str: 35    XL:     18   Next: 46%
Magic:  4/17       EV: 22    Int:  8    God:    Trog [*****.]
Gold:   2590       SH: 25    Dex: 15    Spells: 17/17 levels left

rFire    + + +     SeeInvis .   S - +12 Vampire's Tooth {vamp}
rCold    + + +     Faith    .   f - +5 kite shield
rNeg     . . .     Spirit   .   W - +1 scale mail "Nouricom" {+Fly rPois Dex+2} (curse)
rPois    +         Reflect  +   (helmet restricted)
rElec    +         Harm     .   t - scarf {rC+ rF+}
rCorr    +         Rampage  .   x - +0 pair of gloves of Kindness {Int+2}
Will     ++...                  k - +0 pair of boots of Hezac {rC+ Str+5}
Stlth    ..........             g - amulet of reflection
HPRegen  0.40/turn              O - ring "Giwet" {rF+ rC+ Str+5 Int-2}
MPRegen  0.15/turn              H - ring of willpower

@: about to teleport, resistant, afraid, mesmerised, slowed, studying Fighting,
very slow
A: retaliatory headbutt, horns 2, talons 1, clever 1
}: 1/15 runes: gossamer
a: Renounce Religion, Evoke Flight, Berserk, Trog's Hand, Brothers in Arms


You were on level 4 of the Shoals.
You worshipped Trog.
Trog was extremely pleased with you.
You visited 6 branches of the dungeon, and saw 32 of its levels.
You also visited: Sewer and Gauntlet.

You collected 3655 gold pieces.
You spent 1065 gold pieces at shops.

Inventory:

Hand Weapons
 c - the +4 hand axe of Ypteip {vorpal, rN+ MP+9 Str+6 Int+3}
   (You acquired it on level 10 of the Dungeon)

   It inflicts extra damage upon your enemies.
   It affects your strength (+6).
   It affects your intelligence (+3).
   It protects you from negative energy.
   It affects your magic capacity (+9).
 N - a +5 broad axe of flaming
 S - the +12 Vampire's Tooth (weapon) {vamp}
   (You found it on level 12 of the Dungeon)

   It inflicts no extra harm, but heals its wielder when it wounds a living foe.
Missiles
 E - 59 boomerangs (quivered)
Armour
 f - a +5 kite shield (worn)
 k - the +0 pair of boots of Hezac (worn) {rC+ Str+5}
   (You bought it in a shop on level 5 of the Dungeon)

   It affects your strength (+5).
   It protects you from cold.
 t - a scarf of resistance (worn)
 x - the +0 pair of gloves of Kindness (worn) {Int+2}
   (You found it on level 8 of the Dungeon)

   It affects your intelligence (+2).
 W - the cursed +1 scale mail "Nouricom" (worn) {+Fly rPois Dex+2}
   (You bought it in a shop on level 1 of the Orcish Mines)

   It affects your dexterity (+2).
   It protects you from poison.
   It lets you fly.
   It has a curse placed upon it.
Jewellery
 g - an amulet of reflection (around neck)
 z - an uncursed ring of see invisible
 H - a ring of willpower (right hand)
 O - the ring "Giwet" (left hand) {rF+ rC+ Str+5 Int-2}
   (You found it in a Gauntlet)

   [ring of protection from fire]

   It affects your strength (+5).
   It affects your intelligence (-2).
   It protects you from fire.
   It protects you from cold.
Wands
 a - a wand of random effects (84)
 h - a wand of polymorph (22)
 i - a wand of iceblast (21)
 l - a wand of digging (25)
 m - a wand of disintegration (29)
 n - a wand of acid (29)
 p - a wand of flame (75)
 G - a wand of paralysis (25)
 Z - a wand of enslavement (19)
Scrolls
 b - a scroll of summoning
 d - 28 scrolls of remove curse
 e - 10 scrolls of magic mapping
 j - 6 scrolls of identify
 u - 6 scrolls of blinking
 v - 9 scrolls of teleportation
 w - 6 scrolls of fog
 F - 4 scrolls of fear
 K - a scroll of brand weapon
 M - 2 scrolls of enchant weapon
 P - 2 scrolls of silence
 V - a scroll of holy word
Potions
 o - 7 potions of haste
 q - 3 potions of heal wounds
 r - 11 potions of curing
 s - 2 potions of flight
 A - 3 potions of cancellation
 B - 2 potions of resistance
 C - 3 potions of invisibility
 D - a potion of magic
 I - 5 potions of ambrosia
 U - 2 potions of might
Books
 R - a manual of Fighting
Miscellaneous
 y - a box of beasts
 T - a lightning rod (4/4)


   Skills:
 + Level 20.7 Fighting
 - Level 8.0 Short Blades
 - Level 17.4 Axes
 + Level 18.4 Armour
 + Level 17.0 Dodging
 + Level 12.9 Shields


You had 17 spell levels left.
You didn't know any spells.
Your spell library contained the following spells:

 Spells                   Type           Power        Failure   Level
 Sandblast                Erth           0%           63%         1
 Stone Arrow              Conj/Erth      0%           94%         3
 Petrify                  Tmut/Erth      0%           100%        4
 Bolt of Magma            Conj/Fire/Erth 0%           100%        5
 Irradiate                Conj/Tmut      0%           100%        5
 Hydra Form               Tmut           0%           100%        6
 Statue Form              Tmut/Erth      0%           100%        6
 Dragon Form              Tmut           0%           100%        7


Dungeon Overview and Level Annotations

Branches:
Dungeon (15/15)            Temple (1/1) D:5            Lair (6/6) D:9
 Shoals (4/4) Lair:4       Spider (4/4) Lair:2        Slime (0/5) Lair:5
    Orc (2/2) D:12            Elf (0/3) Orc:2        Vaults (0/5) D:13
 Depths (0/5) D:15          Sewer (visited)         Gauntlet (visited)

Altars:
Elyvilon
Fedhas
Gozag
Hepliaklqana
Kikubaaqudgha
Makhleb
Okawaru
Trog
Uskayaw
Vehumet
Xom
Zin
Lugonu

Shops:
D:5 [   D:13 *   Orc:1 [   Orc:2 !*(*

Portals:
Abyss: D:3

Annotations:
D:14 2 transporters, Jiolyugh's ghost, journeyman GrEE
Shoals:4 Nikola


Innate Abilities, Weirdness & Mutations

You reflexively headbutt those who attack you in melee.
You have a pair of horns on your head.
You have sharp toenails.
Your mind is acute. (Int +2)


Message History

The merfolk impaler hits you from afar with a +2 antimagic trident.
* * * LOW HITPOINT WARNING * * *
The merfolk impaler hits you from afar with a +1 vorpal trident!
* * * LOW HITPOINT WARNING * * *
x2 The merfolk siren chants its luring song.
Nikola gestures wildly while chanting.
You hear a mighty clap of thunder!
The lightning arc hits the faun!!
The lightning arc hits the water elemental!
The water elemental resists.
The lightning arc hits the merfolk impaler!!!
The lightning arc hits the faun!!!
The lightning arc hits the merfolk impaler!
The faun shoots a stone.
You reflect the stone off an invisible shield around you!
The stone hits the centaur!
You kill the centaur!
Trog accepts your kill. The faun hits you with a +4 spear!!
You die...

.# ##.........≈.
..###........≈...
.........@(......
.......≈≈≈.......
.......≈(≈.......
.....m.)E<.......
.......ccm......≈
.....(cmk(c....≈≈
......t.@......≈≈
.....(m(c.≈...≈≈≈
...PP..P≈m≈...≈≈≈
...P..#.PP≈...≈≈≈
..PP.?####....≈≈≈
..P... #...≈≈
...... ...≈≈ P..
...≈≈


You could see Nikola, a merfolk avatar (mesmerising), 2 merfolk impalers, a
satyr (scary), a snapping turtle, a wind drake (repels missiles), a merfolk, 4
fauns, a water elemental and a merfolk siren (mesmerising).

Vanquished Creatures
  A kraken (Shoals:3)
  Polyphemus (Shoals:3)
  Roxanne (Shoals:3)
  Kirke (Lair:5)
  5 emperor scorpions
  A ghost moth (Spider:4)
  The ghost of Myro the Basher, a journeyman MiFi (Lair:6)
  Nessos (Lair:5)
  6 entropy weavers
  Azrael (D:12)
  A minotaur (Gauntlet)
  A spark wasp (Spider:3)
  A merfolk javelineer (Shoals:3)
  An ettin (Orc:1)
  Snorg (Orc:1)
  2 merfolk impalers
  3 fire dragons
  6 ogre magi
  13 hydras
  2 vault guards (D:13)
  3 boulder beetles
  4 centaur warriors
  3 catoblepae
  2 merfolk avatars (Shoals:2)
  3 merfolk aquamancers
  26 two-headed ogres
  Erica (D:11)
  A queen ant (Lair:4)
  12 death yaks
  An orc high priest (Orc:2)
  A tengu warrior (D:14)
  3 satyrs
  11 sea snakes
  An unseen horror (D:15)
  2 wizards
  12 harpies
  9 orb spiders
  The ghost of AlmostDecent the Shield-Bearer, a novice GnFi (D:6)
  5 orc knights
  2 deep elf magi
  33 wolf spiders
  9 manticores
  2 orc sorcerers
  4 ugly things
  An orb spider (shapeshifter) (D:13)
  A cyclops (D:14)
  11 fauns
  A centaur zombie (D:14)
  3 moths of wrath
  6 black mambas
  7 merfolk sirens
  17 elephants
  2 molten gargoyles (Lair:6)
  A torpor snail (Lair:6)
  Psyche (D:11)
  6 gargoyles
  17 cane toads
  An efreet (D:14)
  10 komodo dragons
  12 demonic crawlers
  3 rime drakes
  A yaktaur (D:13)
  A tengu conjurer (D:14)
  28 jumping spiders
  15 merfolk
  10 trolls
  3 meliai (D:13)
  A wolf spider simulacrum (Gauntlet)
  2 tyrant leeches (D:12)
  A meliai (shapeshifter) (D:15)
  11 polar bears
  A wind drake (Shoals:3)
  2 hornets
  6 snapping turtles
  13 blink frogs
  A meliai zombie (D:13)
  2 dream sheep (Lair:6)
  3 centaur simulacra
  A shadow (D:12)
  30 tarantellas
  8 water elementals
  39 yaks
  2 fire elementals (D:12)
  8 basilisks
  5 wyverns
  97 redbacks
  2 wraiths
  2 vampires (D:12)
  3 hogs (Lair:5)
  A human (D:13)
  5 steam dragons
  4 vampire mosquitoes (D:12)
  A harpy simulacrum (Gauntlet)
  3 swamp worms (Lair:6)
  A warg (shapeshifter) (D:13)
  2 wargs (Orc:1)
  3 soldier ants
  17 water moccasins
  6 hell hounds
  5 sky beasts
  12 black bears
  27 orc warriors
  4 ice beasts
  7 phantoms
  2 necrophages
  A hornet zombie (D:10)
  37 ogres
  18 wolves
  10 centaurs
  2 big kobolds (D:10)
  25 bullfrogs
  2 earth elementals (D:13)
  A water moccasin zombie (D:6)
  A wyvern skeleton (D:11)
  5 scorpions
  4 wights (D:14)
  2 howler monkeys
  4 lava snakes (Lair:6)
  4 hounds
  A quasit (D:6)
  7 jellies
  20 orc priests
  28 orc wizards
  5 centaur skeletons
  2 iguanas
  35 worker ants
  A hell rat (Lair:4)
  A hound zombie (D:7)
  A worker ant zombie (D:11)
  22 adders
  15 gnolls
  5 river rats (Sewer)
  4 white imps
  3 ufetubi
  3 oozes
  2 adder zombies
  An adder skeleton (D:5)
  2 worms
  2 dart slugs (D:2)
  9 leopard geckos
  91 orcs
  10 ball pythons
  8 bats
  3 bat zombies (D:6)
  5 giant cockroaches
  8 goblins
  13 hobgoblins
  16 jackals
  6 quokkas
  7 frilled lizards
  A jackal skeleton (D:4)
  18 kobolds
  34 rats
  A rat zombie (D:6)
  A lurking horror (D:3)
1206 creatures vanquished.

Vanquished Creatures (collateral kills)
  2 ghost moths (Spider:4)
  2 emperor scorpions (Spider:4)
  The ghost of Keeluq the Geomancer, a journeyman GrEE of Vehumet (Orc:1)
  A dancing weapon (Orc:1)
  4 death yaks
  A lindwurm (Lair:6)
  2 wolf spiders (Spider:4)
  2 orb spiders (Spider:4)
  2 fauns (Shoals:2)
  An elephant (Lair:1)
  A molten gargoyle (Lair:6)
  A black mamba (Lair:6)
  A cane toad (Lair:5)
  4 komodo dragons (Lair:6)
  2 jumping spiders
  5 dream sheep (Lair:6)
  2 tarantellas (Spider:4)
  A yak (Lair:5)
  9 redbacks
  3 wyverns (Lair:6)
  4 basilisks
  2 steam dragons (Lair:6)
  A warg (Orc:2)
  A hell hound (Lair:6)
  3 orc warriors (Orc:2)
  An eye of draining (D:9)
  An ogre (Orc:1)
  2 bullfrogs (Lair:5)
  2 oozes (Lair:5)
  5 orcs (Orc:2)
69 creatures vanquished.

Vanquished Creatures (others)
  2 bushes (D:3)
  25 demonic plants (Gauntlet)
  27 fungi
  99 plants
  5 tentacles (Shoals:3)
158 creatures vanquished.

Grand Total: 1433 creatures vanquished

Notes
Turn   | Place    | Note
-------+----------+-------------------------------------------
     0 | D:1      | zcampers the Minotaur Berserker began the quest for the
                  | Orb.
     0 | D:1      | Reached XP level 1. HP: 19/19 MP: 0/0
   363 | D:1      | Reached XP level 2. HP: 27/27 MP: 1/1
   617 | D:1      | Reached skill level 4 in Fighting
   622 | D:1      | Reached ** piety under Trog
  1065 | D:1      | Reached XP level 3. HP: 33/33 MP: 2/2
  1491 | D:2      | Noticed a centaur
  1503 | D:2      | Killed a centaur
  1504 | D:2      | Reached XP level 4. HP: 8/41 MP: 3/3
  1749 | D:2      | Reached XP level 5. HP: 44/47 MP: 4/4
  2453 | D:3      | Found a corrupted altar of Lugonu.
  2454 | D:3      | Found a one-way gate to the infinite horrors of the Abyss.
  2671 | D:3      | Found a white marble altar of Elyvilon.
  2671 | D:3      | Found an opulent altar of Gozag.
  2810 | D:3      | Reached *** piety under Trog
  2811 | D:3      | Reached skill level 5 in Fighting
  2900 | D:3      | Reached skill level 5 in Axes
  3184 | D:3      | Noticed an ice beast
  3196 | D:3      | Killed an ice beast
  3197 | D:3      | Reached XP level 6. HP: 23/56 MP: 5/5
  4128 | D:4      | Reached skill level 5 in Armour
  4133 | D:4      | Found a glowing drain.
  4159 | Sewer    | Entered a sewer
  4186 | Sewer    | Reached XP level 7. HP: 29/62 MP: 6/6
  4462 | Sewer    | Reached **** piety under Trog
  4650 | Sewer    | Reached skill level 6 in Fighting
  4983 | D:4      | Found a radiant altar of Vehumet.
  5012 | D:4      | Reached skill level 5 in Dodging
  5424 | D:5      | Entered Level 5 of the Dungeon
  5538 | D:5      | Reached XP level 8. HP: 71/71 MP: 7/7
  5689 | D:5      | Found Riawisush's Antique Armour Shoppe.
  5694 | D:5      | Bought a pair of bloodstained boots for 313 gold pieces
  5700 | D:5      | Identified the cursed +0 pair of boots of Hezac {rC+ Str+5}
                  | (You bought it in a shop on level 5 of the Dungeon)
  5701 | D:5      | Found a staircase to the Ecumenical Temple.
  5775 | Temple   | Entered the Ecumenical Temple
  5803 | D:5      | Reached skill level 7 in Fighting
  5940 | D:5      | Reached ***** piety under Trog
  6201 | D:5      | Found a burning altar of Makhleb.
  6398 | D:6      | Found a runed translucent door.
  6593 | D:6      | Gained mutation: You have sharp toenails. [potion of
                  | mutation]
  6593 | D:6      | Gained mutation: Your mind is acute. (Int +2) [potion of
                  | mutation]
  6746 | D:6      | Found an ancient bone altar of Kikubaaqudgha.
  6898 | D:6      | Noticed AlmostDecent's ghost (novice GnFi)
  6966 | D:6      | Reached XP level 9. HP: 81/81 MP: 8/8
  7003 | D:6      | Reached skill level 8 in Fighting
  7035 | D:6      | Killed AlmostDecent's ghost
  7579 | D:7      | Found an iron altar of Okawaru.
  7581 | D:7      | Found a bloodstained altar of Trog.
  7678 | D:8      | Reached skill level 9 in Fighting
  7745 | D:8      | Got a pair of slimy gloves
  7749 | D:8      | Identified the cursed +0 pair of gloves of Kindness {Int+2}
                  | (You found it on level 8 of the Dungeon)
  8068 | D:8      | Found a hide-covered altar of Uskayaw.
  8413 | D:8      | Reached XP level 10. HP: 57/91 MP: 9/9
  9071 | D:9      | Found a hazy altar of Hepliaklqana.
  9429 | D:9      | You fall into a shaft and drop 2 floors!
  9435 | D:10     | Entered Level 10 of the Dungeon
  9746 | D:9      | Noticed a two-headed ogre
  9760 | D:9      | Killed a two-headed ogre
  9761 | D:9      | Reached skill level 10 in Fighting
  9761 | D:9      | Reached skill level 10 in Axes
  9761 | D:9      | HP: 6/139 [troll (4)]
 10245 | D:9      | Found a glowing silver altar of Zin.
 10245 | D:9      | Noticed an angel
 10250 | D:9      | Found a shimmering altar of Xom.
 10468 | D:9      | Reached skill level 10 in Armour
 10802 | D:9      | Found a staircase to the Lair.
 10857 | D:10     | Noticed a two-headed ogre
 10863 | D:10     | Killed a two-headed ogre
 10864 | D:10     | Reached XP level 11. HP: 99/101 MP: 10/10
 11094 | D:10     | Identified a scroll of acquirement
 11094 | D:10     | Acquired the +4 hand axe of Ypteip {vorpal, rN+ MP+9 Str+6
                  | Int+3}
 11187 | D:10     | Noticed a two-headed ogre
 11195 | D:10     | Killed a two-headed ogre
 11196 | D:10     | Reached skill level 11 in Fighting
 11196 | D:10     | Reached skill level 1 in Shields
 11239 | D:10     | Noticed a red ugly thing
 11255 | D:10     | Killed a red ugly thing
 11297 | D:10     | Reached skill level 10 in Dodging
 11770 | D:10     | Got a faintly humming scale mail
 11772 | D:10     | Identified the cursed +1 scale mail of Youthful
                  | Indiscretion {rF+ Will- SInv Stlth+} (You found it on level
                  | 10 of the Dungeon)
 11805 | D:11     | Received a gift from Trog
 11850 | D:11     | Noticed Psyche
 11858 | D:11     | Killed Psyche
 11906 | D:11     | Noticed Erica
 11910 | D:11     | Killed Erica
 11923 | D:11     | Noticed a cyan ugly thing
 11939 | D:11     | Killed a cyan ugly thing
 12279 | D:11     | Got a pair of faintly humming boots
 12280 | D:11     | Identified the cursed -1 pair of boots of the Equinox
                  | {rElec Regen+ MP+9 Int-5} (You found it on level 11 of the
                  | Dungeon)
 12410 | D:11     | Found a blossoming altar of Fedhas.
 12715 | Lair:1   | Entered Level 1 of the Lair of Beasts
 12758 | Lair:1   | Noticed a six-headed hydra
 12770 | Lair:1   | Killed a one-headed hydra
 13255 | Lair:1   | Reached XP level 12. HP: 112/112 MP: 11/11
 13295 | Lair:1   | Reached skill level 12 in Fighting
 13650 | Lair:2   | Noticed an eight-headed hydra
 13662 | Lair:2   | Killed a three-headed hydra
 14013 | Lair:2   | Noticed a six-headed hydra
 14025 | Lair:2   | Killed a two-headed hydra
 14373 | Lair:2   | Found a hole to the Spider Nest.
 15437 | Lair:3   | Reached skill level 13 in Fighting
 15641 | Lair:3   | Identified the Guide on Creative Conjuration
 15791 | Lair:4   | You fall into a shaft and drop 2 floors!
 15791 | Lair:6   | Entered Level 6 of the Lair of Beasts
 15795 | Lair:6   | Noticed a death yak
 15797 | Lair:6   | Noticed a death yak
 15798 | Lair:6   | Noticed a death yak
 15800 | Lair:6   | Noticed a death yak
 15801 | Lair:6   | Killed a death yak
 15805 | Lair:6   | Killed a death yak
 15807 | Lair:6   | Killed a death yak
 15809 | Lair:6   | Killed a death yak
 15824 | Lair:6   | Reached XP level 13. HP: 122/122 MP: 12/12
 15827 | Lair:6   | Received a gift from Trog
 15922 | Lair:6   | Found a large runed translucent door.
 15922 | Lair:6   | Noticed a fire dragon
 15923 | Lair:6   | Found a large runed translucent door.
 16462 | Lair:6   | Reached skill level 14 in Fighting
 16815 | Lair:6   | Found a runed translucent door.
 16817 | Lair:6   | Noticed Myro's ghost (journeyman MiFi)
 17214 | Lair:6   | Received a gift from Trog
 17401 | Lair:6   | Reached XP level 14. HP: 133/133 MP: 13/13
 18264 | Lair:6   | Killed Myro's ghost
 18356 | Lair:5   | Noticed Kirke
 18372 | Lair:5   | Killed Kirke
 18550 | Lair:5   | Noticed Nessos
 18584 | Lair:5   | Reached skill level 15 in Axes
 18606 | Lair:5   | Killed Nessos
 18854 | Lair:5   | Found a staircase to the Slime Pits.
 18864 | Lair:5   | Reached skill level 15 in Fighting
 20236 | Lair:5   | Reached skill level 15 in Armour
 20493 | Lair:4   | Reached skill level 5 in Shields
 21373 | Lair:4   | Found a staircase to the Shoals.
 21753 | Lair:4   | Reached XP level 15. HP: 127/141 MP: 14/14
 22508 | D:12     | Received a gift from Trog
 22665 | D:12     | Found a gate leading to a gauntlet.
 22684 | Gauntlet | Entered a Gauntlet
 22684 | Gauntlet | Found a transporter.
 22690 | Gauntlet | Found a transporter.
 22692 | Gauntlet | Found a transporter.
 22698 | Gauntlet | Found a transporter.
 22701 | Gauntlet | Found a transporter.
 22701 | Gauntlet | Found a transporter.
 22715 | Gauntlet | Found a transporter.
 22718 | Gauntlet | Found a transporter.
 22785 | Gauntlet | Found a transporter.
 22802 | Gauntlet | Found a transporter.
 22805 | Gauntlet | Found a transporter.
 22815 | Gauntlet | Found a transporter.
 23364 | Gauntlet | Got a brightly glowing golden ring
 23368 | Gauntlet | Identified the ring "Giwet" {rF+ rC+ Str+5 Int-2} (You
                  | found it in a Gauntlet)
 23431 | Gauntlet | Identified the +2 shortbow of the Pure Nightingales {speed,
                  | *Contam MP+9 Int+5}
 23524 | D:12     | Found the +12 Vampire's Tooth {vamp}
 23680 | D:12     | Noticed Azrael
 23697 | D:12     | Killed Azrael
 23704 | D:12     | Reached skill level 1 in Short Blades
 23739 | D:12     | Reached skill level 16 in Fighting
 23945 | D:12     | Found a staircase to the Orcish Mines.
 24261 | D:13     | Found Vieddaw's Pet Rocks.
 25170 | D:13     | Found a gate to the Vaults.
 25662 | D:14     | Found a transporter.
 25662 | D:14     | Noticed a sphinx
 25662 | D:14     | Noticed Jiolyugh's ghost (journeyman GrEE)
 25663 | D:14     | Noticed a frost giant
 25722 | D:14     | Found a transporter.
 26446 | D:15     | Entered Level 15 of the Dungeon
 26882 | D:15     | Found a shimmering altar of Xom.
 27112 | D:15     | Reached XP level 16. HP: 154/154 MP: 15/15
 27113 | D:15     | Reached skill level 15 in Dodging
 27335 | D:15     | Reached skill level 17 in Fighting
 27342 | D:15     | Found a staircase to the Depths.
 27542 | Orc:1    | Entered Level 1 of the Orcish Mines
 27733 | Orc:1    | Found Icsufouw's Antique Armour Emporium.
 27786 | Orc:1    | Bought a glowing kite shield for 240 gold pieces
 27786 | Orc:1    | Bought a brightly glowing scale mail for 288 gold pieces
 27789 | Orc:1    | Noticed Snorg
 27804 | Orc:1    | Killed Snorg
 27817 | Orc:1    | Identified the cursed +1 scale mail "Nouricom" {+Fly rPois
                  | Dex+2} (You bought it in a shop on level 1 of the Orcish
                  | Mines)
 28133 | Orc:1    | Found a runed translucent door.
 28133 | Orc:1    | Found a shimmering altar of Xom.
 28133 | Orc:1    | Noticed Keeluq's ghost (journeyman GrEE)
 28154 | Orc:1    | Killed Keeluq's ghost
 28395 | Orc:2    | Entered Level 2 of the Orcish Mines
 28418 | Orc:1    | Paralysed by an orc sorcerer for 5 turns
 28539 | Orc:1    | Reached skill level 5 in Short Blades
 29005 | Orc:2    | Found a staircase to the Elven Halls.
 29056 | Orc:2    | Found Yguhuh's General Store.
 29057 | Orc:2    | Found Limmojoz's General Store.
 29057 | Orc:2    | Found Nang's Distillery.
 29057 | Orc:2    | Found Dify's Weapon Emporium.
 29066 | Orc:2    | Bought a potion of curing for 45 gold pieces
 29066 | Orc:2    | Bought a potion of heal wounds for 75 gold pieces
 29070 | Orc:2    | Bought a potion of heal wounds for 65 gold pieces
 29070 | Orc:2    | Bought a scroll of remove curse for 39 gold pieces
 29466 | Spider:1 | Entered Level 1 of the Spider Nest
 29472 | Spider:1 | Received a gift from Trog
 30639 | Spider:1 | Reached skill level 10 in Shields
 30660 | Spider:1 | Reached skill level 18 in Fighting
 31769 | Spider:2 | Reached XP level 17. HP: 165/165 MP: 16/16
 31933 | Spider:2 | Received a gift from Trog
 33634 | Spider:4 | Entered Level 4 of the Spider Nest
 33898 | Spider:4 | Identified the cursed +0 leather armour of Crawling {Int+3}
                  | (You found it on level 4 of the Spider Nest)
 34111 | Spider:4 | Reached skill level 19 in Fighting
 34524 | Spider:4 | Received a gift from Trog
 34832 | Spider:4 | Got a gossamer rune of Zot
 35177 | Shoals:1 | Entered Level 1 of the Shoals
 36179 | Shoals:2 | Received a gift from Trog
 36212 | Shoals:2 | Reached XP level 18. HP: 178/178 MP: 17/17
 36509 | Shoals:2 | Reached skill level 20 in Fighting
 37237 | Shoals:3 | Identified Roxanne's Handbook of the Rocks
 37237 | Shoals:3 | Noticed Roxanne
 37374 | Shoals:3 | Noticed Polyphemus
 37401 | Shoals:3 | Killed Polyphemus
 37765 | Shoals:3 | Killed Roxanne
 37961 | Shoals:4 | Entered Level 4 of the Shoals
 37974 | Shoals:4 | Noticed Nikola
 38020 | Shoals:4 | HP: 9/180 [merfolk impaler/+1 vorpal trident (1)]
 38020 | Shoals:4 | Demolished by a faun

Illustrated notes

Levels and vault maps discovered:
D:1:      sevenhm_arrival_forest_fort_large_3, layout_loops_corners,
          minmay_indecisive_spiral
D:2:      layout_loops_ring
D:3:      kb_forest_paths, layout_basic, amethyst_overflow_temple_binary,
          kennysheep_another_room, minmay_hedge_maze,
          amcnicky_altar_lugonu_corruption
D:4:      layout_loops_ring, kennysheep_mini, portal_sewer_entry_f, hex_medium,
          kennysheep_generic_room_2
D:5:      layout_loops_ring, old_standard_altar,
          minmay_temple_entry_purple_smoke, serial_shops, kennysheep_little_box
D:6:      layout_cave_pools, lemuel_zombie_altar_kikubaaqudgha,
          ebering_ghost_sewer_d
D:7:      layout_cave_pools, nicolae_overflow_hidden_temple
D:8:      hangedman_cross_stitches, layout_layer_cave,
          eat_drink_and_be_merry_uskayaw
D:9:      minmay_weird_star, layout_cave_pools,
          grunt_temple_overflow_order_and_chaos_1, nzn_hepliaklqana_mist_gate,
          erik_lair_dragon
D:10:     minmay_opposing_rooms, layout_irregular_city
D:11:     layout_roguey, basic_altar, uniq_psyche, uniq_erica
D:12:     layout_rooms, erik_orc_3, gauntlet_entry_generic, minivault_20,
          drop_trap, hangedman_decor_lopped,
          minmay_guarded_unrand_vampires_tooth, uniq_azrael
D:13:     layout_irregular_city, grunt_vaults_entry_fortified,
          minmay_splitting_lines, guppyfry_shop_earth
D:14:     layout_grid_maze, gammafunk_ghost_arena,
          chequers_hall_statues_corner_a
D:15:     grunt_enter_depths_hoard, layout_long_grid,
          chequers_serial_rivers_marsh, basic_altar
Temple:   jpeg_temple_island
Lair:1:   layout_big_grid
Lair:2:   layout_cave_shapes, spider_nest_entry_web_field
Lair:3:   beast_lair_carwin_large_4, layout_small_grid,
          infiniplex_staircase_pool_2, serial_bayou_shore_b
Lair:4:   nzn_winding_woodlands_medium [nzn_winding_woodlands_5x5_default,
          nzn_winding_woodlands_5x15_pool, nzn_winding_woodlands_5x5_default,
          nzn_winding_woodlands_5x5_three,
          nzn_winding_woodlands_center_pierced_h,
          nzn_winding_woodlands_5x5_open_star,
          nzn_winding_woodlands_5x5_closed_star,
          nzn_winding_woodlands_5x15_split_checker,
          nzn_winding_woodlands_5x5_cross], layout_small_grid,
          elwin_shoals_entry_stream, st_stairs_8, minmay_another_anthill
Lair:5:   layout_small_grid, nicolae_slime_entry_slimehenge, uniq_kirke,
          uniq_nessos
Lair:6:   cheibrodos_lair_end_hotspot, layout_regular_city,
          ebering_ghost_inner_flame, st_stairs_7, worms_lemuel
Shoals:1: layout_shoals
Shoals:2: layout_shoals
Shoals:3: layout_shoals, nicolae_shoals_kraken_intersection, uniq_polyphemus,
          uniq_roxanne
Shoals:4: shoals_end_grunt_garden, layout_shoals, ebering_ghost_reflecting_pool,
          serial_shops, shop_statue, uniq_nikola
Spider:1: layout_spider_delve, drop_trap
Spider:2: layout_spider_delve, spiders_nest_spider_trap
Spider:3: layout_chambers
Spider:4: grunt_spider_rune_circles
Orc:1:    layout_caves, ebering_ghost_xom, serial_shops,
          nicolae_shop_overgrown_old_shop, uniq_snorg
Orc:2:    st_orc_ogre_mass, layout_caves

Skill      XL: |  1  2  3  4  5  6  7  8  9 10 11 12 13 14 15 16 17 18 |
---------------+-------------------------------------------------------+-----
Fighting       | 4 5 6 7 9 10 11 13 14 15 16 18 19 20 | 20.7
Axes           | 4 5 6 8 9 10 12 13 14 15 16 17 | 17.4
Armour         | 3 4 5 6 7 9 10 11 13 14 15 16 17 18 | 18.4
Dodging        | 3 4 5 6 8 9 10 12 13 14 15 16 17 | 17.0
Shields        | 4 6 8 10 12 | 12.9
Short Blades   | 4 6 8 |  8.0

Action                   |  1- 3 |  4- 6 |  7- 9 | 10-12 | 13-15 | 16-18 || total
-------------------------+-------+-------+-------+-------+-------+-------++-------
Melee: Hand axe          |    64 |   189 |   370 |   452 |   739 |       ||  1814
       Headbutt          |     8 |    38 |    73 |   142 |   463 |   673 ||  1397
       Quick blade       |       |       |       |       |   398 |  1887 ||  2285
       Broad axe         |       |       |       |       |    66 |       ||    66
Throw: Boomerang         |       |       |       |     8 |     1 |    50 ||    59
Invok: Trog's Hand       |     1 |     1 |     5 |     8 |    28 |    30 ||    73
       Berserk           |     1 |       |     4 |     3 |    11 |     7 ||    26
       Brothers in Arms  |       |       |       |     3 |     4 |    11 ||    18
Evoke: Tin of tremorston |       |       |     1 |       |       |       ||     1
       Wand              |       |       |       |       |       |     4 ||     4
       Box of beasts     |       |       |       |       |       |     1 ||     1
  Use: Scroll            |     4 |       |    12 |    10 |    14 |    15 ||    55
       Potion            |     1 |       |     9 |     7 |     3 |     4 ||    24
 Stab: Distracted        |       |       |       |       |       |     1 ||     1
       Held in net/web   |       |       |       |       |       |     3 ||     3
Armor: Animal skin       |     1 |       |       |       |       |       ||     1
       Ring mail         |    19 |    53 |    56 |       |       |       ||   128
       Scale mail        |       |       |    80 |   172 |   213 |   335 ||   800
Dodge: Dodged            |    42 |   123 |   253 |   378 |   776 |   944 ||  2516
Block: Other             |     5 |    64 |    80 |    34 |       |       ||   183
       Reflection        |     2 |     5 |     1 |     6 |    36 |   103 ||   153
       Buckler           |       |       |       |   181 |   594 |    63 ||   838
       Kite shield       |       |       |       |       |       |  1827 ||  1827
